 Dungeon Crawl Stone Soup version 0.29-a0-275-g389c0b56f3 (webtiles) character file.

Game seed: 18407790832537894580

479 sammy202020 the Skirmisher (level 7, -12/66 HPs)
             Began as a Naga Berserker on Mar 13, 2022.
             Was a Follower of Jiyva.
             Mangled by a polar bear (14 damage)
             ... created by the rage of Trog
             ... on level 4 of the Dungeon.
             The game lasted 00:08:24 (3360 turns).

sammy202020 the Skirmisher (Naga Berserker)         Turns: 3360, Time: 00:08:25

Health: -12/66     AC: 10    Str: 22    XL:     7   Next: 11%
Magic:  7/7        EV:  9    Int: 11    God:    Jiyva [*.....]
Gold:   188        SH:  0    Dex: 10    Spells: 6/6 levels left

rFire   . . .      SeeInvis +   v - +4 dire flail (protect)
rCold   . . .      Faith    .   (shield currently unavailable)
rNeg    + . .      Spirit   .   b - +2 ring mail of Knowledge {rN+ Str+2 Int+2 Slay+3}
rPois   +          Reflect  .   (no helmet)
rElec   .          Harm     .   (no cloak)
rCorr   .          Rampage  .   d - +2 pair of gloves {infuse}
Will    .....                   (no barding)
Stlth   ..........              (no amulet)
HPRegen 1.01/turn               (no ring)
MPRegen 0.35/turn               (no ring)

@: short of breath, very slow
A: AC +2, large, see invisible, deformed body, poison resistance, slowness 2,
spit poison 1, naga tail 1
a: Spit Poison, Renounce Religion


You were on level 4 of the Dungeon.
You worshipped Jiyva.
Jiyva was aware of your devotion.
You visited 1 branch of the dungeon, and saw 4 of its levels.
You also visited: Sewer.

You collected 188 gold pieces.

Inventory:

Hand Weapons
 a - a +1 hand axe
 n - a +0 war axe
 v - a +4 dire flail of protection (weapon)
Armour
 b - the +2 ring mail of Knowledge (worn) {rN+ Str+2 Int+2 Slay+3}
   (You found it on level 2 of the Dungeon)

   Str:       It affects your strength (+2).
   Int:       It affects your intelligence (+2).
   Slay:      It affects your accuracy & damage with ranged weapons and melee
   (+3).
   rN:        It protects you from negative energy.
 d - a +2 pair of gloves of infusion (worn)
 e - a +0 ring mail
Wands
 l - a wand of flame (38)
Scrolls
 c - a scroll of silence
 g - 2 scrolls of blinking {unknown}
 k - a scroll of identify
 r - 2 scrolls of noise {unknown}
 t - a scroll of brand weapon {unknown}
Potions
 f - a potion of haste
 h - a potion of magic {unknown}
 i - 3 potions of might {unknown}
 j - a potion of mutation {unknown}
 m - a potion of lignification {unknown}
 o - 2 potions of experience {unknown}
 p - a potion of cancellation {unknown}
 q - a potion of heal wounds {unknown}
 s - a potion of attraction {unknown}
 u - a potion of curing {unknown}


   Skills:
 + Level 4.6 Fighting
 - Level 4.6 Axes
 * Level 0.0(2.7) Maces & Flails
 + Level 3.3 Armour
 + Level 3.3 Dodging


You had 6 spell levels left.
You didn't know any spells.
Your spell library contained the following spells:

 Spells                   Type           Power      Damage    Failure   Level
 Ignite Poison            Fire/Tmut/Pois 0%         N/A       86%         3
 Mephitic Cloud           Conj/Pois/Air  0%         N/A       86%         3
 Freezing Cloud           Conj/Ice/Air   0%         6-21      100%        5


Dungeon Overview and Level Annotations

Branches:
Dungeon (4/15)              Sewer (visited)
 Temple: D:4-7

Altars:
Elyvilon
Kikubaaqudgha


Innate Abilities, Weirdness & Mutations

Your serpentine skin is tough. (AC +2)
You have supernaturally acute eyesight. (SInv)
Armour fits poorly on your strangely shaped body.
Your system is resistant to poisons. (rPois)
You cover ground very slowly.
You can spit poison.
You have a snake-like lower body.


Message History

You have got your breath back.
Your +4 dire flail of protection hums with potential!
v - a +4 dire flail of protection (weapon)
You hear a slurping noise.
Trog sends monsters to punish you.
A black bear and 5 polar bears come into view.
There are monsters nearby!
The polar bear attacks as you move away!
The polar bear bites you! The polar bear barely misses you.
The polar bear closely misses you.
The jelly hits the polar bear but does no damage.
The polar bear moves out of view.
You completely miss the polar bear.
The black bear rages.
The polar bear bites you!!
The polar bear claws you but does no damage.
The polar bear barely misses you.
You closely miss the polar bear. The polar bear bites you.
The polar bear claws you but does no damage.
The polar bear closely misses you. The polar bear bites you.
* * * LOW HITPOINT WARNING * * *
The polar bear claws you.
* * * LOW HITPOINT WARNING * * *
The polar bear claws you but does no damage.
The polar bear bites you but does no damage.
The polar bear completely misses you.
The polar bear claws you but does no damage.
The polar bear bites you but does no damage.
The polar bear claws you but does no damage.
The polar bear closely misses you.
Okay, then.
Aiming: Spit Poison (1% risk of failure)
Press: ? - help, Q - select action, (/) - cycle Shift-Dir - straight line, f - polar bear
Aim: a polar bear (durably summoned, berserk, 70% to hit)
The splash of poison misses the polar bear.
The polar bear bites you!
* * * LOW HITPOINT WARNING * * *
The polar bear claws you but does no damage.
The polar bear closely misses you. The polar bear bites you!
You die...

#....###.............
#..........#........ #
#....#######.....##+#
..#.###....#######.....##.###
.............................
...........#########.####....
#...#......# #.......#.
..........h##### ###.......
..#.###..hhh@h<# #....... ...
###h########## #....... ...
#.#........# #....... ..
#.#........######....
#.#...J..............
#.#........##.#####.# ..
##########.#####.. #.#...♣♣.
#.....♣#'


You could see 5 polar bears and a black bear (berserk).

Vanquished Creatures
  Edmund (D:4)
  Blork the orc (D:4)
  A bullfrog (D:4)
  A necrophage (D:4)
  A jelly (Sewer)
  A river rat (Sewer)
  3 adders
  4 worms
  3 dart slugs
  12 endoplasms
  5 giant cockroaches
  2 goblins
  6 hobgoblins
  2 quokkas (D:3)
  12 ball pythons
  6 bats
  9 frilled lizards
  15 kobolds
  6 rats
91 creatures vanquished.

Vanquished Creatures (others)
  Robin (D:3)
  2 adders (D:4)
  A giant cockroach (D:3)
  7 goblins (D:3)
  4 hobgoblins (D:3)
  A quokka (D:3)
  A frilled lizard (Sewer)
  2 kobolds (D:3)
  A rat (D:3)
  5 fungi (D:3)
  A plant (D:3)
  12 toadstools (D:3)
38 creatures vanquished.

Grand Total: 129 creatures vanquished

Notes
Turn   | Place    | Note
-------+----------+-------------------------------------------
     0 | D:1      | sammy202020 the Naga Berserker began the quest for the Orb.
     0 | D:1      | Reached XP level 1. HP: 21/21 MP: 1/1
   368 | D:1      | Reached XP level 2. HP: 28/28 MP: 0/2
  1308 | D:2      | Found an ancient bone altar of Kikubaaqudgha.
  1409 | D:2      | Reached XP level 3. HP: 34/34 MP: 1/3
  1725 | D:2      | Identified the +2 ring mail of Knowledge {rN+ Str+2 Int+2
                  | Slay+3}
  1862 | D:2      | Reached XP level 4. HP: 42/42 MP: 4/4
  2260 | D:3      | Reached ** piety under Trog
  2271 | D:3      | Found a glowing drain.
  2280 | Sewer    | Entered a sewer
  2566 | Sewer    | Reached XP level 5. HP: 45/50 MP: 0/5
  2630 | Sewer    | Found a viscous altar of Jiyva.
  2682 | Sewer    | Fell from the grace of Trog
  2682 | Sewer    | Became a worshipper of Jiyva Jeel the Shapeless
  3036 | D:3      | Killed Robin
  3161 | D:4      | Reached * piety under Jiyva
  3197 | D:4      | Noticed Blork the orc
  3205 | D:4      | Killed Blork the orc
  3206 | D:4      | Reached XP level 6. HP: 48/57 MP: 2/6
  3275 | D:4      | Found a white marble altar of Elyvilon.
  3321 | D:4      | Noticed Edmund
  3332 | D:4      | Killed Edmund
  3333 | D:4      | Reached XP level 7. HP: 33/66 MP: 5/7
  3357 | D:4      | Noticed a polar bear
  3357 | D:4      | Noticed a polar bear
  3357 | D:4      | Noticed a polar bear
  3357 | D:4      | Noticed a polar bear
  3357 | D:4      | Noticed a polar bear
  3360 | D:4      | HP: 2/66 [polar bear[the rage of Trog] (14)]
  3360 | D:4      | Mangled by a polar bear

Illustrated notes

Levels and vault maps discovered:
D:1:      lemuel_arrival_cross, layout_loops_corners, minmay_misc_feat_five
D:2:      layout_loops_ring, basic_altar, nicolae_figureground_pulse
D:3:      cheibrodos_fertilizer, layout_rooms,
          shapermc_ecumenical_altar_acropolis, portal_sewer_entry_d,
          chequers_serial_rivers_small_b, chequers_arboretum, uniq_robin
D:4:      layout_basic, kennysheep_mini_moat, minmay_hedge_maze,
          uniq_blork_the_orc, uniq_edmund

Skill      XL: |  1  2  3  4  5  6 |
---------------+-------------------+-----
Armour         | 2 3 |  3.3
Dodging        | 2 3 |  3.3
Fighting       | 4 |  4.6
Axes           | 4 |  4.6

Action                   |  1- 3 |  4- 6 |  7- 9 || total
-------------------------+-------+-------+-------++-------
Melee: Hand axe          |    76 |     4 |       ||    80
       War axe           |       |    96 |       ||    96
       Dire flail        |       |       |     2 ||     2
 Abil: Spit Poison       |    18 |     3 |     1 ||    22
  Use: Scroll            |     7 |       |       ||     7
 Stab: Sleeping          |     1 |       |       ||     1
Armor: Animal skin       |    29 |       |       ||    29
       Ring mail         |     6 |    47 |     8 ||    61
Dodge: Dodged            |    44 |    50 |     7 ||   101

Table legend: (Time is in decaauts)
 A = Elapsed time spent in this place.
 B = Non-inter-level travel time spent in this place.
 C = Inter-level travel time spent in this place.
 D = Time resting spent in this place.
 E = Time spent auto-exploring this place.
 F = Levels seen in this place.
 G = Mean time per level.
                   A        B        C        D        E       F      G
               +--------+--------+--------+--------+--------+-----+--------+
         Total |   4282 |   4144 |    138 |      0 |   3267 |   5 |  856.4 |
       Dungeon |   3664 |   3526 |    138 |      0 |   2874 |   4 |  916.0 |
         Sewer |    618 |    618 |      0 |      0 |    392 |   1 |  618.0 |
               +--------+--------+--------+--------+--------+-----+--------+

Top non-repeatable levels by time:
     D:1: 1665 daAuts
     D:2: 1029 daAuts
     D:3: 687 daAuts
   Sewer: 618 daAuts
     D:4: 282 daAuts
